cohdb
Replays
Latest Replays
All Replays
Popular Replays
Top Player Replays
Match Explorer
How It Works
Community
CoH3 Stats
Reddit
Sign in to upload your games and track your stats! →
Sign in with Steam
Match 43813714
Unlisted
Match 43813714
Overview
Messages
Build Orders
End
Pioneer Squad
Selects Terror Battlegroup
Selects Machine Gun Camouflage
Construct Infanterie Kompanie
MG 42 Machine Gun Team
MG 42 Machine Gun Team
Grenadier Squad
GrW 34 Mortar Team
Construct Luftwaffe Kompanie
221 Scout Car
Jäger Squad
Support Elements
Jäger Squad
Wirbelwind Flakpanzer
Construct Panzergrenadier Kompanie
Selects Contempt for the Weak
Pak 40 Anti-tank Gun Team
Nebelwerfer 42 Rocket Launcher Team
Nebelwerfer 42 Rocket Launcher Team
251 Medium Carrier
Selects Propaganda Leaflet Drop
Selects V1 Rocket Strike
Selects Defend the Fatherland
StuG III G Assault Gun
251 Medium Carrier
StuG III G Assault Gun
AI Takeover
Gwangju's Hero Chun Doo-gwang
Alex
88xx
-97
你怎么不多找找自己的问题
HI
勇敢的少先队员
顶风射十米
0
0
Comments
sign in to comment!
No comments posted yet!